 Dungeon Crawl Stone Soup version 0.19-a0-1008-g4c63d25 (webtiles) character file.

16 Implojin the Shield-Bearer (level 2, -1/26 HPs)
             Began as a Minotaur Fighter on July 21, 2016.
             Slain by a centaur (7 damage)
             ... on level 5 of the Dungeon.
             The game lasted 00:00:48 (146 turns).

Implojin the Shield-Bearer (Minotaur Fighter)        Turns: 146, Time: 00:00:48

Health: -1/26      AC:  6    Str: 25    XL:     2   Next: 41%
Magic:  1/1        EV:  7    Int:  5    God:
Gold:   13         SH:  9    Dex:  9    Spells: 0 memorised, 1 level left

rFire  . . .     SeeInvis .       - Unarmed
rCold  . . .     Gourm    .     a - +0 scale mail
rNeg   . . .     Faith    .     b - +0 shield
rPois  .         Spirit   .     (helmet restricted)
rElec  .         Dismiss  .     (no cloak)
rCorr  .         Reflect  .     (no gloves)
SustAt .         Harm     .     (no boots)
MR     .....                    (no amulet)
Stlth  ..........               (no ring)
                                (no ring)

@: mighty, not resistant to hostile enchantments, extremely unstealthy
A: retaliatory headbutt, horns 2
a: no special abilities


You were on level 5 of the Dungeon.
You were not hungry.

You visited 1 branch of the dungeon, and saw 5 of its levels.

You collected 13 gold pieces.

Inventory:

Missiles
 h - 2 throwing nets (quivered)
Armour
 a - a +0 scale mail (worn)
 b - a +0 shield (worn)
Scrolls
 e - a scroll of fog {unknown}
 g - a scroll of identify {unknown}
Potions
 f - a potion of cure mutation {unknown}
Comestibles
 d - 2 bread rations
 i - 2 beef jerkies


   Skills:
 - Level 3.6 Fighting
 - Level 3.6 Armour
 - Level 3.6 Shields
 * Level 3.4 Unarmed Combat


You had one spell level left.
You didn't know any spells.

Dungeon Overview and Level Annotations

Branches:
Dungeon (5/15)
 Temple: D:4-7

Altars:

Annotations:
D:5 Dowan, Duvessa


Innate Abilities, Weirdness & Mutations

You reflexively headbutt those who attack you in melee.
You have a pair of horns on your head.


Message History

The centaur wields a shortbow.
The centaur shoots an arrow.
The arrow completely misses you.
You see here an arrow.
The centaur shoots an arrow.
The arrow hits you but does no damage.
You see here an arrow.
Duvessa, Sister of Dowan comes into view.
She is wielding a short sword of draining.
Duvessa shouts!
The centaur shoots an arrow.
The arrow hits you.
The centaur shoots an arrow.
The arrow barely misses you.
Found a pink potion.
Found a stone staircase leading up.
You see here 2 arrows.
You see here an arrow.
You see here an arrow.
The centaur shoots an arrow.
You block the arrow.
The centaur shoots an arrow.
The arrow hits you.
There is a stone staircase leading up, spattered with blood here.
You see here 2 arrows.
The centaur shoots an arrow.
The arrow hits you!
* * * LOW HITPOINT WARNING * * *
You see here an arrow.
Found 20 stones.
You feel very mighty all of a sudden.
Unknown command.
The centaur shoots an arrow.
The arrow hits you.
* * * LOW HITPOINT WARNING * * *
The centaur unwields an uncursed shortbow.
The centaur hits you.
* * * LOW HITPOINT WARNING * * *
You closely miss the centaur. The centaur hits you.
* * * LOW HITPOINT WARNING * * *
Dowan, Brother of Duvessa comes into view.
He is wielding a dagger.
You closely miss the centaur.
The centaur hits you but does no damage.
Dowan gestures wildly while chanting.
Dowan blinks!
The centaur hits you but does no damage.
You closely miss the centaur. You headbutt the centaur!
The centaur is severely wounded.
The centaur hits you!
You die...

.. #. e. . #. .# ..
#. .# <. #. .# .##.
#.###. .#.....
......######.ยง.....
#.ce(((....#
#@#######..... #(#
### #...# .......
.......###
..##...... #
#.##.### .. ... ..(
###


You could see Duvessa and a centaur.

Vanquished Creatures
  An adder (D:3)
  4 jackals (D:3)
  A bat (D:1)
  A rat (D:1)
7 creatures vanquished.

Notes
Turn   | Place    | Note
-------+----------+-------------------------------------------
     0 | D:1      | Implojin the Minotaur Fighter began the quest for the Orb.
     0 | D:1      | Reached XP level 1. HP: 19/19 MP: 0/0
    40 | D:3      | Reached skill level 3 in Unarmed Combat
    40 | D:3      | Reached XP level 2. HP: 26/26 MP: 1/1
   130 | D:5      | Entered Level 5 of the Dungeon
   131 | D:5      | Noticed a centaur
   133 | D:5      | Noticed Duvessa
   145 | D:5      | Noticed Dowan
   146 | D:5      | Slain by a centaur

Vault maps used:
D:1:      minmay_arrival_up_and_down, columned_hall_lemuel
D:2:      tgw_trog, uniq_crazy_yiuf_cottage
D:3:      minmay_goblin_kobold_castle, uniq_sigmund, uniq_robin
D:4:      first_bread, serial_shops, shop, uniq_grinder
D:5:      serial_shops, nicolae_shop_competitors_out_of_business,
          hangedman_abyss_or_decor_stagger, johnstein_pakellas_death_squad,
          uniq_duvessa

Skill      XL: |  1 |
---------------+----+-----
Unarmed Combat | 3 |  3.4
Fighting       | |  3.6
Armour         | |  3.6
Shields        | |  3.6

Action                   || total
-------------------------++-------
Melee: Unarmed           ||    19
       Headbutt          ||     3
  Use: Potion            ||     1
Armor: Scale mail        ||     6
Dodge: Dodged            ||    12
Block: Shield            ||    10

Table legend:
 A = Turns spent in this place as a percentage of turns spent in the entire game.
 B = Non-inter-level travel turns spent in this place as a percentage of non-inter-level travel turns spent in the entire game.
 C = Inter-level travel turns spent in this place as a percentage of turns spent in this place.
 D = Turns resting spent in this place as a percentage of non-inter-level travel turns spent in this place.
 E = Turns spent auto-exploring this place as a percentage of non-inter-level travel turns spent in this place.
 F = Non-inter-level travel turns spent in this place divided by the number of levels of this place that you've seen.
                   A       B       C       D       E      F
               +-------+-------+-------+-------+-------+----------------------
         Total | 100.0 | 100.0 |   0.0 |   0.0 |   0.0 |  28.6
       Dungeon | 100.0 | 100.0 |   0.0 |   0.0 |   0.0 |  28.6
               +-------+-------+-------+-------+-------+----------------------

Table legend:
 A = Kills in this place as a percentage of kills in entire the game.
 B = Kills by you in this place as a percentage of kills by you in the entire game.
 C = Kills by friends in this place as a percentage of kills by friends in the entire game.
 D = Other kills in this place as a percentage of other kills in the entire game.
 E = Experience gained in this place as a percentage of experience gained in the entire game.
 F = Experience gained in this place divided by the number of levels of this place that you have seen.
                   A       B       C       D       E      F
               +-------+-------+-------+-------+-------+----------------------
         Total | 100.0 | 100.0 |  -nan |  -nan | 100.0 |   4.8
       Dungeon | 100.0 | 100.0 |  -nan |  -nan | 100.0 |   4.8
               +-------+-------+-------+-------+-------+----------------------
